Construct Section Command Post
Selects Air and Sea Battlegroup
Construct Field Infirmary
Construct Platoon Command Post
Unlock M3 Stuart Light Tanks
6-pounder Anti-tank Gun Team
6-pounder Anti-tank Gun Team
6-pounder Anti-tank Gun Team
Unlock Bishop Self-propelled Artillery
6-pounder Anti-tank Gun Team
Construct Company Command Post
Selects Commando Section Paradrop
Selects Commando Support Section Paradrop
Selects Commando Section Paradrop
Selects Commando Support Section Paradrop
Construct Field Infirmary
Selects Commando Section Paradrop
Selects Commando Support Section Paradrop
Unlock Towed 17-pounder Anti-tank Guns
Selects Anti-tank Rocket Loiter